 Dungeon Crawl Stone Soup version 0.28.0-53-g5a82cb258f (webtiles) character file.

Game seed: 10162903141237258089

706 Stomo the Gusty (level 7, 0/31 (35) HPs)
             Began as a Vine Stalker Air Elementalist on June 30, 2022.
             Slain by a wight
             ... wielding a +0 battleaxe
              (1 damage)
             ... on level 5 of the Dungeon.
             The game lasted 00:13:04 (6965 turns).

Stomo the Gusty (Vine Stalker Air Elementalist)     Turns: 6965, Time: 00:13:04

HP:   0/31 (35)     AC:  3    Str: 13    XL:     7   Next: 67%
MP:   0/15          EV: 12    Int: 15    God:
Gold: 176           SH:  0    Dex: 14    Spells: 8/15 levels left

rFire   . . .      SeeInvis .   f - +0 whip
rCold   . . .      Faith    .   (no shield)
rNeg    . . .      Spirit   +   a - +0 robe
rPois   .          Reflect  .   (no helmet)
rElec   .          Harm     .   e - +0 cloak
rCorr   .          Rampage  .   (no gloves)
Will    .....                   (no boots)
Stlth   ++........              q - amulet of regeneration
HPRegen 1.70/turn               (no ring)
MPRegen 0.14/turn               (no ring)

@: heavily drained
A: fangs 2, regeneration 1, magic shield, antimagic bite, no potion heal 2
a: no special abilities


You were on level 5 of the Dungeon.
You visited 1 branch of the dungeon, and saw 5 of its levels.

You collected 176 gold pieces.

Inventory:

Hand Weapons
 f - a +0 whip (weapon)
Armour
 a - a +0 robe (worn)
 e - a +0 cloak (worn)
 h - a +0 cloak
Jewellery
 q - an amulet of regeneration (around neck)
Wands
 m - a wand of paralysis (4)
 t - a wand of charming (2)
Scrolls
 b - a scroll of enchant weapon {unknown}
 g - a scroll of teleportation {unknown}
 i - 4 scrolls of identify {unknown}
 j - a scroll of magic mapping {unknown}
 k - a scroll of fog {unknown}
 l - a scroll of blinking {unknown}
 r - a scroll of enchant armour {unknown}
 s - a scroll of brand weapon {unknown}
Potions
 c - a potion of lignification {unknown}
 d - a potion of magic {unknown}
 n - a potion of invisibility {unknown}
 o - a potion of attraction {unknown}
 p - a potion of mutation {unknown}


   Skills:
 + Level 2.5 Fighting
 + Level 2.5 Maces & Flails
 + Level 2.4 Dodging
 - Level 2.4 Stealth
 + Level 4.8 Spellcasting
 - Level 1.0 Conjurations
 + Level 5.6 Air Magic


You had 8 spell levels left.
You knew the following spells:

 Your Spells              Type           Power      Damage    Failure   Level
a - Shock                 Conj/Air       52%        1d6       4%          1
b - Static Discharge      Conj/Air       13%        N/A       6%          2
c - Airstrike             Air            10%        N/A       17%         4

Your spell library contained the following spells:

 Spells                   Type           Power      Damage    Failure   Level
 Swiftness                Air            20%        N/A       4%          3
 Tukima's Dance           Hex            3%         N/A       45%         3
 Anguish                  Hex/Necr       1%         N/A       86%         4
 Enfeeble                 Hex            1%         N/A       100%        7


Dungeon Overview and Level Annotations

Branches:
Dungeon (5/15)
 Temple: D:4-7

Altars:
Dithmenos

Shops:
D:2 :?:   D:3 !


Innate Abilities, Weirdness & Mutations

You have extremely sharp teeth.
Your natural rate of healing is unusually fast.
When hurt, damage is shared between your health and your magic reserves.
Your bite disrupts and absorbs the magic of your enemies.
Potions cannot restore your health.


Message History

Confirm with . or Enter, or press ? or * to list all spells.
You don't have enough magic to cast this spell.
A wight is nearby!
Unknown command.
Casting: Airstrike (quite dangerous; 17% risk of failure)
Confirm with . or Enter, or press ? or * to list all spells.
Aiming: Shock (safe; 4% risk of failure)
Press: ? - help, Shift-Dir - straight line, f - wight
Aim: a wight, wielding a +0 battleaxe and wearing a +0 robe (68% to hit)
The zap hits the wight.
The wight is lightly damaged.
Casting: Shock (safe; 4% risk of failure)
Confirm with . or Enter, or press ? or * to list all spells.
Aiming: Shock (safe; 4% risk of failure)
Press: ? - help, Shift-Dir - straight line, f/p - wight
Aim: a wight, wielding a +0 battleaxe and wearing a +0 robe (lightly damaged, 68% to hit)
The zap misses the wight.
You hit the wight but do no damage. You punch the wight.
The wight is lightly damaged.
The wight misses you.
You closely miss the wight. Your bite misses the wight.
The wight is lightly damaged.
The wight hits you with a +0 battleaxe.
Things that are here:
a +0 mace; a +0 robe Your magical contamination has completely faded away.
Things that are here:
a +0 great sword; a +0 robe You closely miss the wight.
The wight is lightly damaged.
The wight hits you with a +0 battleaxe!
You feel drained.
You hit the wight but do no damage. Your bite misses the wight.
The wight is lightly damaged.
The wight hits you with a +0 battleaxe!
You hit the wight.
The wight is moderately damaged.
The wight hits you with a +0 battleaxe!
* * * LOW HITPOINT WARNING * * *
You feel drained.
You die...

##### #.#.#####
#######.......#
..............# #
#######.############ ..
#<...#.#...z......####
#..####.#.#.@z##.........
#.......#.#...##.........
#.........#...##.........
#####.........#.z..#####.
..............+....#
##............#...######
#........#+###....#...####
#.....##.# #............
...##+# ... #....#...####


You could see 2 wights.

Vanquished Creatures
  2 phantoms (D:4)
  A scorpion (D:3)
  3 wights (D:5)
  2 hounds (D:4)
  2 orc priests
  An orc wizard (D:4)
  8 gnolls
  5 adders
  2 worms (D:2)
  3 dart slugs
  9 orcs
  5 endoplasms
  4 giant cockroaches
  7 goblins
  9 hobgoblins
  7 jackals
  A quokka (D:1)
  2 ball pythons
  6 bats
  2 frilled lizards (D:3)
  11 kobolds
  3 rats
95 creatures vanquished.

Vanquished Creatures (others)
  A dart slug (D:1)
  A quokka (D:1)
  12 plants (D:2)
14 creatures vanquished.

Grand Total: 109 creatures vanquished

Notes
Turn   | Place    | Note
-------+----------+-------------------------------------------
     0 | D:1      | Stomo the Vine Stalker Air Elementalist began the quest for
                  | the Orb.
     0 | D:1      | Reached XP level 1. HP: 9/9 MP: 4/4
   588 | D:1      | Reached XP level 2. HP: 13/13 MP: 1/6
   793 | D:1      | Learned a level 2 spell: Static Discharge
  1269 | D:1      | Reached XP level 3. HP: 6/16 MP: 0/8
  2229 | D:2      | Found Salem's Book Shop.
  3024 | D:2      | Reached skill level 4 in Air Magic
  3024 | D:2      | Gained mutation: Your natural rate of healing is unusually
                  | fast. [Vine Stalker growth]
  3024 | D:2      | Reached XP level 4. HP: 12/21 MP: 0/9
  3171 | D:2      | Found Kiuckag's Book Emporium.
  3202 | D:2      | Learned a level 4 spell: Airstrike
  3397 | D:2      | Reached skill level 1 in Fighting
  3397 | D:2      | Reached skill level 1 in Maces & Flails
  3692 | D:2      | Found Alaygh's Magic Scroll Shoppe.
  3854 | D:2      | Reached XP level 5. HP: 25/25 MP: 4/10
  4411 | D:3      | Found Hiopt's Distillery.
  4430 | D:3      | Found a shadowy altar of Dithmenos.
  4637 | D:3      | Reached XP level 6. HP: 30/30 MP: 4/11
  5898 | D:4      | Reached XP level 7. HP: 35/35 MP: 9/14
  6009 | D:4      | Reached skill level 5 in Air Magic
  6707 | D:5      | Entered Level 5 of the Dungeon
  6965 | D:5      | HP: 1/33 [wight/+0 battleaxe (15)]
  6965 | D:5      | Slain by a wight

Illustrated notes

Levels and vault maps discovered:
D:1:      minmay_arrival_loop, layout_loops_corners, lemuel_flame_loot_1
D:2:      layout_basic, serial_shops, nicolae_shop_hallway_stairs, shop,
          nicolae_lakefront_shop, nicolae_grassy_gnolls
D:3:      layout_loops_ring, general_overflow_altar, serial_shops, shop
D:4:      layout_gridville, chequers_decorated_corner
D:5:      layout_basic, ashenzari_conservatory_becter,
          chequers_serial_rivers_small_a, uniq_edmund

Skill      XL: |  1  2  3  4  5  6  7 |
---------------+----------------------+-----
Spellcasting   | 3 4 |  4.8
Air Magic      | 4 5 |  5.6
Fighting       | 1 2 |  2.5
Maces & Flails | 1 2 |  2.5
Dodging        | 2 |  2.4
Stealth        | |  2.4
Conjurations   | |  1.0

Action                   |  1- 3 |  4- 6 |  7- 9 || total
-------------------------+-------+-------+-------++-------
Melee: Dagger            |    20 |       |       ||    20
       Bite              |     8 |    10 |     3 ||    21
       Unarmed           |     2 |       |       ||     2
       Punch             |     1 |     2 |     1 ||     4
       Whip              |    12 |    27 |    14 ||    53
 Cast: Shock             |    73 |   109 |     4 ||   186
       Static Discharge  |    11 |    16 |     2 ||    29
       Airstrike         |       |     2 |    17 ||    19
Armor: Robe              |    17 |     3 |       ||    20
Dodge: Dodged            |    24 |    32 |     7 ||    63
